 Dungeon Crawl Stone Soup version 0.16.0-17-g811c1d7 (webtiles) character file.

3509 ventricule the Nimble (level 9, 0/78 HPs)
             Began as a Minotaur Fire Elementalist on Mar 21, 2015.
             Was an Elder of Dithmenos.
             Slain by a gnoll
             ... wielding a +0 spear
              (2 damage)
             ... on level 9 of the Dungeon.
             The game lasted 00:32:38 (8789 turns).

ventricule the Nimble (Minotaur Fire Elementalist)  Turns: 8789, Time: 00:32:42

Health: 0/78       AC:  5    Str: 15    XL:     9   Next: 81%
Magic:  7/7        EV:  9    Int: 12    God:    Dithmenos [****..]
Gold:   330        SH:  0    Dex: 14    Spells: 0 memorised, 10 levels left

rFire  . . .     SeeInvis .     n - +2 quarterstaff (drain)
rCold  . . .     Clarity  +     p - +2 leather armour {MR+}
rNeg   . . .     SustAb   .     (no shield)
rPois  .         Gourm    .     (helmet restricted)
rElec  .         Spirit   .     (no cloak)
rCorr  .         Warding  .     C - +0 pair of gloves
rMut   .         Stasis   .     (no boots)
MR     +....                    l - amulet of clarity
Stlth  +++.......               (no ring)
                                (no ring)

@: held, wreathed by umbra, somewhat resistant to hostile enchantments, fairly
stealthy
A: retaliatory headbutt, horns 2, agile 1, deformed body, spit poison 1
a: Spit Poison, Shadow Step, Renounce Religion


You were on level 9 of the Dungeon.
You worshipped Dithmenos.
Dithmenos was greatly pleased with you.
You were not hungry.

You visited 1 branch of the dungeon, and saw 9 of its levels.

You collected 330 gold pieces.

Inventory:

Hand weapons
 n - a +2 quarterstaff of draining (weapon)
Armour
 a - a +0 robe
 f - a +0 ring mail
 p - a +2 leather armour of magic resistance (worn)
 s - the +2 robe of Zin's Esteem {rC++ rN+}
   (You found it on level 8 of the Dungeon)

   It greatly protects you from cold.
   It protects you from negative energy.
 C - a +0 pair of gloves (worn)
Jewellery
 l - an amulet of clarity (around neck)
Scrolls
 e - 2 scrolls of enchant armour
 j - 2 scrolls of blinking
 k - 4 scrolls of remove curse
 m - 2 scrolls of teleportation
 w - a scroll of fog
 y - a scroll of recharging
Potions
 b - 2 potions of restore abilities
 d - 2 potions of magic
 i - 2 potions of brilliance
 o - 3 potions of curing
 q - 2 potions of resistance
 r - 2 potions of lignification
 t - a potion of heal wounds
 A - 2 potions of might
 B - 2 potions of flight
Books
 z - a Necronomicon {highlevel, unknown}

   This book is beyond your current level of understanding.

   Spells                             Type                      Level
   a - Haunt                          Necromancy/Summoning         7
   b - Borgnjor's Revivification      Necromancy                   8
   c - Death's Door                   Charms/Necromancy            8
   d - Necromutation                  Transmutation/Necromancy     8
Comestibles
 c - 5 bread rations
 g - 7 meat rations
 h - a chunk of flesh
 v - 6 beef jerkies
 x - 7 slices of pizza


   Skills:
 + Level 6.7 Fighting
 + Level 7.0 Staves
 + Level 5.2 Armour
 + Level 9.4 Dodging
 + Level 4.8 Stealth
 * Level 3.3 Unarmed Combat
 - Level 1.3 Spellcasting
   Level 0.6 Conjurations
   Level 2.1 Fire Magic


You had 10 spell levels left.
You didn't know any spells.

Dungeon Overview and Level Annotations

Branches:
Dungeon (9/15)             Temple (0/1) D:7
   Lair: D:8-11         Orc: D:9-12

Altars:
Ashenzari
Dithmenos
Elyvilon
Fedhas
Makhleb
Nemelex Xobeh
Okawaru
Qazlal
Ru
Trog
Zin

Shops:
D:4 ?   D:5 :   D:6 =

Annotations:
D:2 exclusion: moth of wrath
D:4 Rayvis' ghost, average MiFi
D:6 exclusions: electric eel, plant and 1 more exclusion
D:7 exclusion: 3 killer bees


Innate Abilities, Weirdness & Mutations

You reflexively headbutt those who attack you in melee.
You have a pair of horns on your head.
You are agile. (Dex +2)
Armour fits poorly on your strangely shaped body.
You can spit poison.


Message History

The slime creature hits you!! The gnoll completely misses you.
Two slime creatures merge to form a large slime creature.
The gnoll throws a throwing net.
The throwing net hits you.
You become entangled in the net!
You see here a throwing net.
You try to slip out of the net.
Two slime creatures merge to form a very large slime creature.
Drink which item? (? for menu, Esc to quit)
You feel much better. The gnoll barely misses you.
You try to slip out of the net.
The gnoll hits you but does no damage. The very large slime creature hits you!
You struggle against the net.
The gnoll hits you from afar with a spear.
The very large slime creature hits you!!!
Ouch! That really hurt!
* * * LOW HITPOINT WARNING * * *
You emit a cloud of dark smoke.
The gnoll hits you from afar with a spear.
You die...

#.#....... ...
.######
#.##.#.P.###)P.#
.J....#
#.##.#PPPP#....#
#####.#
#.##.#.PP......#
#.#####.##.##P...P..#
#..........†..#P..#
##########.(gg....##
###J###...##
#@##.....##
#§#.......#
#§#.......#
###.#.......####
#...............
##....#....######
##..###..#### #...#
#..# #######...###..#


You could see a very large slime creature and 2 gnolls.

Vanquished Creatures
  Pikel (D:8)
  A human (D:7)
  A yak (D:7)
  A hungry ghost (D:7)
  A hippogriff (D:7)
  2 orc warriors (D:6)
  A water moccasin (D:5)
  A sky beast (D:5)
  4 slaves (D:8)
  2 ogres
  A phantom (D:6)
  2 ice beasts
  An eye of draining (D:9)
  3 centaurs
  2 giant frogs (D:7)
  A water moccasin skeleton (D:4)
  2 wights (D:9)
  2 scorpions
  3 crimson imps
  5 hounds
  A giant frog skeleton (D:8)
  An iguana (D:8)
  A centaur skeleton (D:8)
  A jelly (D:8)
  2 orc priests
  7 orc wizards
  2 worker ants
  3 sheep (D:7)
  A hound zombie (D:6)
  Terence (D:3)
  A hound skeleton (D:9)
  Robin (D:2)
  12 adders
  3 gnolls (D:7)
  2 shadow imps
  6 worms
  An adder zombie (D:9)
  An adder skeleton (D:4)
  A giant gecko (D:4)
  2 oozes
  55 orcs
  A ball python (D:3)
  20 bats
  A bat skeleton (D:6)
  2 giant cockroaches
  17 goblins
  12 hobgoblins
  9 jackals
  15 kobolds
  4 quokkas
  5 giant newts
  2 jackal zombies (D:6)
  22 rats
  A ballistomycete (D:8)
253 creatures vanquished.

Vanquished Creatures (others)
  A giant spore (D:8)
1 creature vanquished.

Grand Total: 254 creatures vanquished

Notes
Turn   | Place    | Note
--------------------------------------------------------------
     0 | D:1      | ventricule, the Minotaur Fire Elementalist, began the quest for the Orb.
     0 | D:1      | Reached XP level 1. HP: 14/14 MP: 2/2
   154 | D:1      | Reached XP level 2. HP: 18/20 MP: 2/2
   294 | D:1      | Reached skill level 3 in Dodging
   872 | D:2      | Noticed Terence
  1033 | D:2      | Reached XP level 3. HP: 23/26 MP: 3/3
  1165 | D:2      | Reached skill level 1 in Armour
  1263 | D:2      | Reached skill level 1 in Unarmed Combat
  1263 | D:2      | Reached XP level 4. HP: 11/33 MP: 4/4
  1689 | D:2      | Noticed Robin
  1733 | D:3      | Found a shadowy altar of Dithmenos.
  1749 | D:3      | Reached skill level 4 in Dodging
  1941 | D:3      | Became a worshipper of Dithmenos the Shadowed
  2037 | D:3      | Reached skill level 1 in Fighting
  2390 | D:3      | Reached XP level 5. HP: 27/41 MP: 4/4
  2612 | D:3      | Found a shattered altar of Ashenzari.
  2613 | D:3      | Found a white marble altar of Elyvilon.
  2761 | D:3      | Killed Terence
  2813 | D:3      | Reached skill level 1 in Staves
  2908 | D:2      | Killed Robin
  3027 | D:2      | Reached XP level 6. HP: 48/48 MP: 5/5
  3222 | D:2      | Noticed a moth of wrath
  3223 | D:2      | Found a bloodstained altar of Trog.
  3332 | D:2      | Acquired Dithmenos' first power
  3385 | D:4      | Found Kairuc's Magic Scroll Shoppe.
  3397 | D:4      | Reached skill level 5 in Dodging
  4025 | D:4      | Noticed Rayvis' ghost (average MiFi)
  4077 | D:5      | Entered Level 5 of the Dungeon
  4114 | D:4      | Found a sparkling altar of Nemelex Xobeh.
  4114 | D:4      | Found an iron altar of Okawaru.
  4245 | D:5      | Noticed a water moccasin
  4249 | D:5      | Found a blossoming altar of Fedhas.
  4377 | D:5      | Killed a water moccasin
  4377 | D:5      | Reached XP level 7. HP: 50/56 MP: 6/6
  4623 | D:5      | Reached skill level 6 in Dodging
  4695 | D:5      | Found Riupt's Book Shop.
  4999 | D:5      | You fall through a shaft for 2 floors!
  4999 | D:7      | Found a glowing silver altar of Zin.
  5002 | D:7      | Reached XP level 8. HP: 66/66 MP: 6/6
  5057 | D:7      | Reached skill level 7 in Dodging
  5131 | D:7      | Reached skill level 5 in Staves
  5150 | D:7      | Found a burning altar of Makhleb.
  5166 | D:7      | Acquired Dithmenos' second power
  5287 | D:7      | Found a staircase to the Ecumenical Temple.
  5375 | D:7      | Noticed a human
  5375 | D:7      | Noticed a yak
  5387 | D:7      | Killed a human
  5393 | D:7      | Killed a yak
  5393 | D:7      | Reached skill level 5 in Fighting
  5550 | D:6      | Reached skill level 8 in Dodging
  5692 | D:6      | Reached XP level 9. HP: 45/74 MP: 7/7
  5933 | D:6      | Found a stormy altar of Qazlal.
  6159 | D:5      | Reached skill level 5 in Armour
  6842 | D:6      | Found Blistrucs' Jewellery Shop.
  7441 | D:7      | Reached skill level 9 in Dodging
  7602 | D:8      | Found a sacrificial altar of Ru.
  8061 | D:8      | Acquired Dithmenos' third power
  8115 | D:8      | Noticed Pikel
  8238 | D:8      | Got a shimmering robe
  8239 | D:8      | Identified the +2 robe of Zin's Esteem {rC++ rN+} (You found it on level 8 of the Dungeon)
  8245 | D:8      | Gained mutation: Armour fits poorly on your strangely shaped body. [potion of mutation]
  8245 | D:8      | Gained mutation: You can spit poison. [potion of mutation]
  8245 | D:8      | Gained mutation: You are agile. (Dex +2) [potion of mutation]
  8276 | D:8      | Killed Pikel
  8789 | D:9      | HP: 2/78 [very large slime creature (49)]
  8789 | D:9      | Slain by a gnoll

Action                   |  1- 3 |  4- 6 |  7- 9 || total
-------------------------+-------+-------+-------++-------
Melee: Unarmed           |   136 |    82 |     3 ||   221
       Quarterstaff      |       |   127 |   302 ||   429
  Use: Potion            |     4 |       |     2 ||     6
       Scroll            |       |    10 |    12 ||    22
 Stab: Sleeping          |       |     4 |     8 ||    12
  Eat: Chunk             |     1 |     9 |    12 ||    22
       Pizza             |       |     1 |     2 ||     3
